 Dungeon Crawl Stone Soup version 0.28-a0-691-gad6df49e81 (webtiles) character file.

Game seed: 9340847133841018350

104 marklar909 the Vexing (level 4, -1/33 HPs)
             Began as a Palentonga Enchanter on Oct 23, 2021.
             Slain by a gnoll (7 damage)
             ... on level 2 of the Dungeon.
             The game lasted 00:03:15 (2615 turns).

marklar909 the Vexing (Palentonga Enchanter)        Turns: 2615, Time: 00:03:15

Health: -1/33      AC:  4    Str: 11    XL:     4   Next: 52%
Magic:  4/7        EV: 10    Int: 15    God:
Gold:   66         SH:  0    Dex: 12    Spells: 2/7 levels left

rFire   . . .      SeeInvis +   a - +1 dagger
rCold   . . .      Faith    .   (no shield)
rNeg    . . .      Spirit   .   b - +0 robe
rPois   .          Reflect  .   (no helmet)
rElec   .          Harm     .   (no cloak)
rCorr   .          Rampage  .   (no gloves)
Will    .....                   (no barding)
Stlth   ++........              (no amulet)
HPRegen 0.11/turn               (no ring)
MPRegen 0.10/turn               (no ring)

@: no status effects
A: large, rugged brown scales 3, see invisible, deformed body, roll 1, armoured
tail
a: Rolling Charge


You were on level 2 of the Dungeon.
You visited 1 branch of the dungeon, and saw 2 of its levels.

You collected 66 gold pieces.

Inventory:

Hand Weapons
 a - a +1 dagger (weapon)
Missiles
 d - 11 poisoned darts
Armour
 b - a +0 robe (worn)
Scrolls
 e - a scroll of immolation {unknown}
 g - a scroll of torment {unknown}
Potions
 c - a potion of invisibility
 f - a potion of degeneration {unknown}
 h - a potion of cancellation {unknown}


   Skills:
 + Level 0.6 Fighting
 + Level 1.7 Short Blades
 + Level 2.0 Dodging
 + Level 2.6 Stealth
 + Level 2.4 Spellcasting
 + Level 3.6 Hexes
 + Level 0.1 Ice Magic


You had 2 spell levels left.
You knew the following spells:

 Your Spells              Type           Power      Damage    Failure   Level
a - Ensorcelled Hibernat  Hex/Ice        14%        N/A       14%         2
b - Confusing Touch       Hex            12%        N/A       14%         3

Your spell library contained the following spells:

 Spells                   Type           Power      Damage    Failure   Level
 Tukima's Dance           Hex            12%        N/A       14%         3
 Dazzling Flash           Conj/Hex       14%        N/A       30%         3


Dungeon Overview and Level Annotations

Branches:
Dungeon (2/15)

Altars:
Dithmenos


Innate Abilities, Weirdness & Mutations

You are completely covered in rugged brown scales. (AC +3, +7% HP)
You have supernaturally acute eyesight. (SInv)
Armour fits poorly on your strangely shaped body.
You can roll at nearby foes to attack.
You have a long armoured tail.


Message History

Casting: Ensorcelled Hibernation (safe; 16% risk of failure)
Confirm with . or Enter, or press ? or * to list all spells.
Aiming: Ensorcelled Hibernation (safe; 16% risk of failure)
Press: ? - help, Shift-Dir - straight line, f/p - gnoll
Aim: a gnoll, wielding a +0 spear (chance to affect: 48%)
You miscast Ensorcelled Hibernation.
You are very lightly contaminated with residual magic.
Nothing appears to happen.
The gnoll hits you from afar with a +0 spear.
Casting: Ensorcelled Hibernation (safe; 16% risk of failure)
Confirm with . or Enter, or press ? or * to list all spells.
Aiming: Ensorcelled Hibernation (safe; 16% risk of failure)
Press: ? - help, Shift-Dir - straight line, f/p - gnoll
Aim: a gnoll, wielding a +0 spear (chance to affect: 48%)
The gnoll looks drowsy...
The gnoll shouts!
The helpless gnoll fails to defend itself.
You puncture the gnoll!
The gnoll is severely wounded.
The gnoll hits you with a +0 spear.
You hit the gnoll but do no damage. You tail-slap the gnoll.
You kill the gnoll!
The gnoll hits you with a +0 flail.
You see here a +0 spear.
You hit the gnoll.
The gnoll is lightly wounded.
The gnoll hits you with a +0 flail.
You hit the gnoll.
The gnoll is moderately wounded.
The gnoll hits you with a +0 flail!
* * * LOW HITPOINT WARNING * * *
Your magical contamination has completely faded away.
You hit the gnoll.
The gnoll is heavily wounded.
The gnoll hits you with a +0 flail.
* * * LOW HITPOINT WARNING * * *
The gnoll shouts!
You hear a shout!
There is a stone staircase leading up here.
The gnoll hits you with a +0 flail!
You die...

##########
#########..g.g...#####
..........##.@.#.##..###
........###....g....P$P#
#######......†...##.#.##
####...<.....#.# #
#.............)#
#.##.........#.# #
##.......##..#
##..........#
##...#.###.#


You could see 3 gnolls.

Vanquished Creatures
  A gnoll (D:2)
  4 adders (D:2)
  An adder skeleton (D:2)
  2 worms (D:2)
  3 dart slugs
  2 ball pythons
  4 bats
  3 endoplasms
  6 giant cockroaches
  4 goblins (D:1)
  5 hobgoblins (D:1)
  A quokka (D:1)
  A frilled lizard (D:2)
  3 kobolds (D:1)
  3 rats (D:1)
43 creatures vanquished.

Notes
Turn   | Place    | Note
-------+----------+-------------------------------------------
     0 | D:1      | marklar909 the Palentonga Enchanter began the quest for the
                  | Orb.
     0 | D:1      | Reached XP level 1. HP: 13/13 MP: 3/3
   358 | D:1      | Reached XP level 2. HP: 18/20 MP: 5/5
   777 | D:1      | Reached XP level 3. HP: 19/25 MP: 6/6
  1337 | D:2      | Learned a level 2 spell: Ensorcelled Hibernation
  1682 | D:2      | Reached XP level 4. HP: 33/33 MP: 4/7
  2022 | D:2      | Found a shadowy altar of Dithmenos.
  2410 | D:1      | Learned a level 3 spell: Confusing Touch
  2615 | D:2      | Slain by a gnoll

Illustrated notes

Levels and vault maps discovered:
D:1:      minmay_arrival_solitary_statue, layout_rooms
D:2:      layout_loops_ring, dreamdust_ecumenical_altar_hidden_monk_grotto,
          basic_altar

Skill      XL: |  1  2  3  4 |
---------------+-------------+-----
Dodging        | 2 |  2.0
Fighting       | |  0.6
Short Blades   | |  1.7
Stealth        | |  2.6
Spellcasting   | |  2.4
Hexes          | |  3.6
Ice Magic      | |  0.1

Action                   |  1- 3 |  4- 6 || total
-------------------------+-------+-------++-------
Melee: Dagger            |   129 |    41 ||   170
       Tailslap          |    11 |     7 ||    18
 Cast: Ensorcelled Hiber |     1 |     6 ||     7
 Abil: Rolling Charge    |     1 |       ||     1
 Stab: Sleeping          |     6 |     3 ||     9
Armor: Robe              |    50 |    23 ||    73
Dodge: Dodged            |    57 |    18 ||    75

Table legend: (Time is in decaauts)
 A = Elapsed time spent in this place.
 B = Non-inter-level travel time spent in this place.
 C = Inter-level travel time spent in this place.
 D = Time resting spent in this place.
 E = Time spent auto-exploring this place.
 F = Levels seen in this place.
 G = Mean time per level.
                   A        B        C        D        E       F      G
               +--------+--------+--------+--------+--------+-----+--------+
         Total |   2606 |   2538 |     68 |    501 |   1510 |   2 | 1303.0 |
       Dungeon |   2606 |   2538 |     68 |    501 |   1510 |   2 | 1303.0 |
               +--------+--------+--------+--------+--------+-----+--------+

Top non-repeatable levels by time:
     D:1: 1639 daAuts
     D:2: 967 daAuts
